 Dungeon Sprint DCSS version 0.29-a0-721-g7f417c9bbb (webtiles) character file.

Game seed: 11093296902791335061

1976 mhtbhm the Unseen (level 9, 0/42 HPs)
             Began as a Spriggan Enchanter on June 27, 2022.
             Was a Priest of Dithmenos.
             Killed from afar by an orc sorcerer (22 damage)
             ... with a bolt of fire
             ... in the Dungeon (Sprint III: "The Ten Rune Challenge").
             The game lasted 00:04:59 (1153 turns).

mhtbhm the Unseen (Spriggan Enchanter)              Turns: 1153, Time: 00:04:59

Health: 0/42       AC:  2    Str:  4    XL:     9   Next: 0%
Magic:  21/24      EV: 20    Int: 17    God:    Dithmenos [***...]
Gold:   34         SH:  0    Dex: 19    Spells: 18/29 levels left

rFire   . . .      SeeInvis +   a - +1 dagger
rCold   . . .      Faith    .   (no shield)
rNeg    . . .      Spirit   .   b - +0 robe
rPois   .          Reflect  .   (helmet restricted)
rElec   .          Harm     .   (no cloak)
rCorr   .          Rampage  .   (gloves unavailable)
Will    +....      NoTele   +   (boots unavailable)
Stlth   ++++++++++              (no amulet)
HPRegen 0.14/turn               (no ring)
MPRegen 0.19/turn               (no ring)

@: wreathed by umbra, invisible, very quick
A: very small, no large weapons, unfitting armour, see invisible, speed 3
a: Renounce Religion, Shadow Step


You were in the Dungeon.
You worshipped Dithmenos.
Dithmenos was most pleased with you.
You visited 1 branch You collected 34 gold pieces.

Inventory:

Hand Weapons
 a - a +1 dagger (weapon)
Armour
 b - a +0 robe (worn)
Scrolls
 i - a scroll of blinking
 j - 4 scrolls of identify
 k - 2 scrolls of immolation {unknown}
Potions
 d - 2 potions of curing
 e - 2 potions of heal wounds
 f - a potion of haste
 g - a potion of magic
 h - 3 potions of mutation {unknown}
 l - 2 potions of flight {unknown}
Miscellaneous
 m - a lightning rod (inert)


   Skills:
 + Level 2.0 Fighting
 + Level 6.5 Short Blades
 + Level 5.7 Dodging
 + Level 18.0 Stealth
 + Level 10.5 Spellcasting
 + Level 0.4 Conjurations
 + Level 11.7 Hexes
 + Level 5.3 Ice Magic
 * Level 3.9 Invocations
 + Level 0.2 Evocations


You had 18 spell levels left.
You knew the following spells:

 Your Spells              Type           Power      Damage    Failure   Level
a - Ensorcelled Hibernat  Hex/Ice        74%        N/A       1%          2
b - Confusing Touch       Hex            48%        N/A       1%          3
c - Tukima's Dance        Hex            48%        N/A       1%          3
d - Dazzling Flash        Conj/Hex       58%        N/A       1%          3

Your spell library contained the following spells:

 Spells                   Type           Power      Damage    Failure   Level
 Iskenderun's Mystic Bla  Conj/Tloc      9%         2d4       58%         4
 Summon Forest            Summ/Tloc      4%         N/A       92%         5
 Eringya's Noxious Bog    Tmut/Pois      4%         N/A       100%        6
 Starburst                Conj/Fire      4%         6d4       100%        6
 Summon Hydra             Summ           4%         N/A       100%        7


Dungeon Overview and Level Annotations

Branches:
Dungeon (1/1)

Altars:
Cheibriados
Dithmenos
Elyvilon
Fedhas
Gozag
Hepliaklqana
Kikubaaqudgha
Makhleb
Nemelex Xobeh
Okawaru
Qazlal
Ru
Sif Muna
Trog
Uskayaw
Vehumet
Wu Jian
Xom
Yredelemnul
Zin
The Shining One
Beogh
Jiyva
Lugonu

Shops:
D [


Innate Abilities, Weirdness & Mutations

You are very small and have problems with some larger weapons.
You are too small for most types of armour.
You have supernaturally acute eyesight. (SInv)
You cover ground extremely quickly. (Speed+++)


Message History

The orc shouts! x2; The orc wizard shouts!
The orc shouts!
The orc warrior shouts!
The orc shouts!
The orc wizard shouts!
The orc shouts!
The orc sorcerer shouts!
The orc sorcerer gestures at you while chanting.
The bolt of fire hits you!!
Ouch! That really hurt!
Casting: Ensorcelled Hibernation (safe; 1% risk of failure)
Confirm with . or Enter, or press ? or * to list all spells.
Casting: Dazzling Flash (safe; 1% risk of failure)
Press: ? - help, Dir - look around, f - activate The orc sorcerer is dazzled.
The orc wizard is dazzled.
The orc warrior is dazzled. x2; The orc is dazzled.
The orc warrior is dazzled.
The orc is dazzled. x3
The orc shouts!
The orc warrior closely misses you. The orc sorcerer completely misses you.
The orc warrior closely misses you.
Unknown command.
Unknown command.
Aiming: Thunderbolt
Press: ? - help, Shift-Dir - straight line, f - orc sorcerer
Aim: an orc sorcerer, wielding a +1 dagger of holy wrath and wearing a +0 robe The thunderbolt hits the orc sorcerer!!
The orc sorcerer is heavily wounded.
The thunderbolt hits the orc warrior.
The orc warrior is moderately wounded.
The thunderbolt hits the orc wizard!
The orc wizard is heavily wounded.
The thunderbolt hits the orc!
You kill the orc!
Dithmenos accepts your kill.
You will now sometimes bleed smoke when heavily injured by enemies.
The thunderbolt hits the orc sorcerer!
The orc sorcerer is heavily wounded.
The orc shouts! x2
The lightning rod overheats!
The orc wizard shouts!
The orc sorcerer points at you and mumbles some strange words.
The bolt of fire hits you!!
Ouch! That really hurt!
You die...

▓▓▓ ▓▓▓▓
##.############$$$ ###
##..#___#___#__#$$##$o##.
.#..#)..#__)#._#$.ooooh..
.#..###'#'###'##.$o...oo#
'#..#..........#ooooooo.$
#...'.⌠........#@##$##$##
#..)#...######'#.# #
.†..#.⌠.#__#...#'#######
....#...#__#...#..§§≈§.#
....#'###__#...#.#≈§≈#.#
....#.))#__#...'.#.§§#.#
....#___#__'...#.#.†.#..
▓▓▓▓▓▓▓▓▓▓▓▓▓▓▓▓▓▓▓▓▓▓▓▓▓


You could see 2 orc sorcerers, 3 orc warriors, an orc priest (wandering, can't
see you), 3 orc wizards, 6 orcs and a jackal (wandering, can't see you).

Vanquished Creatures
  Snorg (D)
  A deep elf pyromancer (D)
  A shadow (D)
  A spatial vortex (D)
  An earth elemental (D)
  A water elemental (D)
  A necrophage (D)
  A jelly (D)
  A wizard (D)
  A necromancer (D)
  3 humans (D)
  A kobold demonologist (D)
  A phantom (D)
  An orc (D)
  An endoplasm (D)
  3 rats (D)
20 creatures vanquished.

Notes
Turn   | Place    | Note
-------+----------+-------------------------------------------
     0 | D        | mhtbhm the Spriggan Enchanter began the quest for the Orb.
     0 | D        | Reached XP level 1. HP: 9/9 MP: 5/5
    32 | D        | Reached skill level 5 in Stealth
   141 | D        | Reached XP level 2. HP: 11/13 MP: 7/7
   267 | D        | Learned a level 2 spell: Ensorcelled Hibernation
   361 | D        | Reached skill level 6 in Stealth
   361 | D        | Reached skill level 5 in Hexes
   373 | D        | Noticed a water elemental
   379 | D        | Killed a water elemental
   380 | D        | Reached skill level 8 in Stealth
   380 | D        | Reached XP level 3. HP: 16/16 MP: 3/10
   380 | D        | Reached XP level 4. HP: 21/21 MP: 3/11
   400 | D        | Learned a level 3 spell: Confusing Touch
   404 | D        | Learned a level 3 spell: Tukima's Dance
   408 | D        | Learned a level 3 spell: Dazzling Flash
   460 | D        | Found a shadowy altar of Dithmenos.
   460 | D        | Noticed a necrophage
   464 | D        | Found a basalt altar of Yredelemnul.
   464 | D        | Found a sacrificial altar of Ru.
   483 | D        | Killed a necrophage
   484 | D        | Reached skill level 9 in Stealth
   484 | D        | Reached skill level 5 in Spellcasting
   484 | D        | Reached XP level 5. HP: 18/25 MP: 5/14
   485 | D        | Reached skill level 10 in Stealth
   577 | D        | Became a worshipper of Dithmenos the Shadowed
   590 | D        | Found a radiant altar of Vehumet.
   591 | D        | Found a shimmering blue altar of Sif Muna.
   591 | D        | Found an ancient bone altar of Kikubaaqudgha.
   593 | D        | Reached skill level 5 in Dodging
   593 | D        | Reached skill level 11 in Stealth
   593 | D        | Reached skill level 1 in Ice Magic
   611 | D        | Found a hide-covered altar of Uskayaw.
   611 | D        | Found an iron altar of Okawaru.
   612 | D        | Found a bloodstained altar of Trog.
   612 | D        | Found an ornate altar of the Wu Jian Council.
   612 | D        | Noticed a human
   612 | D        | Noticed a human
   654 | D        | Killed a human
   654 | D        | Reached * piety under Dithmenos
   655 | D        | Reached skill level 1 in Fighting
   655 | D        | Reached skill level 5 in Short Blades
   655 | D        | Reached skill level 12 in Stealth
   655 | D        | Reached XP level 6. HP: 30/30 MP: 2/17
   785 | D        | Killed a human
   786 | D        | Reached skill level 13 in Stealth
   874 | D        | Found a glowing silver altar of Zin.
   875 | D        | Found a glowing golden altar of the Shining One.
   875 | D        | Found a white marble altar of Elyvilon.
   875 | D        | Noticed a deep elf pyromancer
   877 | D        | Killed a deep elf pyromancer
   878 | D        | Reached skill level 15 in Stealth
   878 | D        | Reached skill level 10 in Hexes
   878 | D        | Reached XP level 7. HP: 33/33 MP: 17/20
   893 | D        | Noticed a shadow
   901 | D        | Killed a shadow
   901 | D        | Reached ** piety under Dithmenos
   902 | D        | Reached skill level 16 in Stealth
   902 | D        | Reached XP level 8. HP: 33/38 MP: 17/22
   964 | D        | Found a blossoming altar of Fedhas.
   964 | D        | Found a stormy altar of Qazlal.
   965 | D        | Found a snail-covered altar of Cheibriados.
   965 | D        | Found a burning altar of Makhleb.
   965 | D        | Found a hazy altar of Hepliaklqana.
   965 | D        | Found a shimmering altar of Xom.
   965 | D        | Found an opulent altar of Gozag.
   965 | D        | Found a sparkling altar of Nemelex Xobeh.
   965 | D        | Found a corrupted altar of Lugonu.
   965 | D        | Found a viscous altar of Jiyva.
   987 | D        | Noticed Snorg
   990 | D        | Killed Snorg
   991 | D        | Reached skill level 17 in Stealth
   991 | D        | Reached skill level 10 in Spellcasting
   991 | D        | Reached skill level 5 in Ice Magic
  1145 | D        | Reached skill level 18 in Stealth
  1145 | D        | Reached XP level 9. HP: 42/42 MP: 24/24
  1149 | D        | Found Bubyal's Armour Boutique.
  1149 | D        | Noticed an orc sorcerer
  1149 | D        | Noticed an orc sorcerer
  1153 | D        | Reached *** piety under Dithmenos
  1153 | D        | Killed from afar by an orc sorcerer

Illustrated notes

Levels and vault maps discovered:
D:        dungeon_sprint_mu [sprint_mu_entry_cave, sprint_mu_temple_rooms,
          sprint_mu_d1_horrors, sprint_mu_d2_genie, sprint_mu_d3_branching,
          sprint_mu_orc_legion, sprint_mu_elf_gauntlet, sprint_mu_hive_nellie,
          sprint_mu_lair_fedhas, sprint_mu_vaults_butterflies,
          sprint_mu_slime_circle, sprint_mu_swamp_cave, sprint_mu_shoals_kraken,
          sprint_mu_blade_basic, sprint_mu_crypt_fortress,
          sprint_mu_tomb_spiral, sprint_mu_vestibule_basic,
          sprint_mu_gehenna_hellfire, sprint_mu_dis_giant,
          sprint_mu_tartarus_statrot, sprint_mu_cocytus_islands, sprint_mu_zot1]

Skill      XL: |  1  2  3  4  5  6  7  8 |
---------------+-------------------------+-----
Hexes          | 4 6 7 8 10 11 | 11.7
Stealth        | 5 8 9 12 15 16 18 | 18.0
Spellcasting   | 3 4 5 7 9 10 | 10.5
Dodging        | 3 4 5 |  5.7
Short Blades   | 3 5 6 |  6.5
Ice Magic      | 2 4 5 |  5.3
Fighting       | 1 2 |  2.0
Invocations    | 3 |  3.9
Conjurations   | |  0.4
Evocations     | |  0.2

Action                   |  1- 3 |  4- 6 |  7- 9 || total
-------------------------+-------+-------+-------++-------
Melee: Dagger            |    17 |    10 |    10 ||    37
 Cast: Ensorcelled Hiber |     3 |    10 |     1 ||    14
       Dazzling Flash    |       |     5 |     1 ||     6
       Confusing Touch   |       |     1 |     1 ||     2
Invok: Shadow Step       |       |       |     1 ||     1
Evoke: Lightning rod     |       |       |     5 ||     5
  Use: Potion            |     2 |     1 |     1 ||     4
 Stab: Sleeping          |     3 |     5 |     3 ||    11
       Invisible         |     1 |     1 |     1 ||     3
       Confused          |       |     2 |     1 ||     3
       Distracted        |       |       |     1 ||     1
Armor: Robe              |     1 |     2 |       ||     3
Dodge: Dodged            |     8 |     5 |     5 ||    18

Table legend: (Time is in decaauts)
 A = Elapsed time spent in this place.
 B = Non-inter-level travel time spent in this place.
 C = Inter-level travel time spent in this place.
 D = Time resting spent in this place.
 E = Time spent auto-exploring this place.
 F = Levels seen in this place.
 G = Mean time per level.
                   A        B        C        D        E       F      G
               +--------+--------+--------+--------+--------+-----+--------+
         Total |   1026 |   1026 |      0 |    623 |    119 |   1 | 1026.0 |
       Dungeon |   1026 |   1026 |      0 |    623 |    119 |   1 | 1026.0 |
               +--------+--------+--------+--------+--------+-----+--------+

Top non-repeatable levels by time:
       D: 1026 daAuts
